 Dungeon Crawl Stone Soup version 0.29.1-1-gd02db6906a (webtiles) character file.

Game seed: 17345599070544943807

137 karrick the Covered (level 5, -11/33 HPs)
             Began as a Gargoyle Fighter on Sept 27, 2022.
             Mangled by a hell rat (13 damage)
             ... in a sewer.
             The game lasted 00:04:58 (1498 turns).

karrick the Covered (Gargoyle Fighter)              Turns: 1498, Time: 00:04:59

Health: -11/33     AC: 11    Str: 19    XL:     5   Next: 20%
Magic:  0/5        EV:  9    Int:  9    God:
Gold:   47         SH:  4    Dex:  9    Spells: 4/4 levels left

rFire   . . .      SeeInvis .   a - +0 flail
rCold   . . .      Faith    .   c - +0 buckler
rNeg    + . .      Spirit   +   b - +0 scale mail
rPois   ∞          Reflect  .   (no helmet)
rElec   +          Harm     .   (no cloak)
rCorr   .          Rampage  .   (no gloves)
Will    +....                   (no boots)
Stlth   ..........              j - amulet of guardian spirit
HPRegen 0.11/turn               (no ring)
MPRegen 0.09/turn               (no ring)

@: no status effects
A: sickness immunity, AC +4, negative energy resistance 1, electricity
resistance, torment resistance 1, petrification resistance, clumsy 1,
strong-willed 1
a: no special abilities


You were in a sewer.
You visited 1 branch of the dungeon, and saw 4 of its levels.
You also visited: Sewer.

You collected 47 gold pieces.

Inventory:

Hand Weapons
 a - a +0 flail (weapon)
Missiles
 d - a throwing net (quivered)
Armour
 b - a +0 scale mail (worn)
 c - a +0 buckler (worn)
Jewellery
 j - an amulet of guardian spirit (around neck)
Scrolls
 f - a scroll of torment {unknown}
 g - a scroll of poison {unknown}
 i - a scroll of magic mapping {unknown}
 k - a scroll of vulnerability {unknown}


   Skills:
 + Level 3.9 Fighting
 + Level 3.3 Maces & Flails
 + Level 4.5 Armour
 + Level 3.9 Shields


You had 4 spell levels left.
You didn't know any spells.
Your spell library contained the following spells:

 Spells                   Type           Power      Damage    Failure   Level
 Ozocubu's Armour         Ice            0%         N/A       99%         3
 Ozocubu's Refrigeration  Ice            0%         4d7       100%        7


Dungeon Overview and Level Annotations

Branches:
Dungeon (4/15)              Sewer (1/1)
 Temple: D:4-7

Altars:
Nemelex Xobeh


Innate Abilities, Weirdness & Mutations

You are immune to sickness and miasma.
Your stone body is resilient. (AC +4)
You are immune to poison.
You resist negative energy. (rN+)
You are resistant to electric shocks. (rElec)
You are resistant to unholy torment.
You are immune to petrification.
You are clumsy. (Dex -2)
You are strong-willed. (Will+)


Message History

Moving in this stuff is going to be slow.
You start resting.
HP restored.
Okay, then.
You open the door.
A hell rat comes into view.
The hell rat roars deafeningly!
Found four items.
Found a gate leading back out of this place.
It was a potion of mutation.
You feel extremely strange.
You feel clumsy.
You feel strong-willed. The hell rat bites you!
You hit the hell rat but do no damage. The hell rat barely misses you.
You hit the hell rat.
The hell rat is lightly wounded.
The hell rat bites you!
You hit the hell rat.
The hell rat is heavily wounded.
The hell rat bites you. x2
You closely miss the hell rat.
The hell rat is heavily wounded.
The hell rat barely misses you. The hell rat bites you.
You completely miss the hell rat.
The hell rat is moderately wounded.
You block the hell rat's attack.
You completely miss the hell rat.
The hell rat is moderately wounded.
The hell rat bites you!
* * * LOW HITPOINT WARNING * * *
The hell rat bites you.
You barely miss the hell rat.
The hell rat is moderately wounded.
The hell rat bites you.
* * * LOW HITPOINT WARNING * * *
You sock the hell rat!
The hell rat is almost dead.
The hell rat bites you.
* * * LOW HITPOINT WARNING * * *
The hell rat bites you!
You die...

#~..~~#####.~.~.#
##~.~###?∩ #...##
#~~~##~!?? #~~~#
#~..#~~~~~ #.~~#
#~~~##~~~r ##~..#
##~~.###~~
###~~~##
#.~~~~##'##~~.~.#
###.~~~.†r~~..###
###..~~~@.###
#########


You could see a hell rat.

Vanquished Creatures
  2 orc wizards (D:3)
  2 adders
  3 river rats
  2 dart slugs
  5 orcs (D:3)
  2 endoplasms (D:3)
  3 giant cockroaches (D:3)
  3 hobgoblins
  2 kobolds
  A quokka (D:3)
  3 ball pythons
  2 bats
  2 goblins (D:4)
  6 rats
38 creatures vanquished.

Notes
Turn   | Place    | Note
-------+----------+-------------------------------------------
     0 | D:1      | karrick the Gargoyle Fighter began the quest for the Orb.
     0 | D:1      | Reached XP level 1. HP: 14/14 MP: 1/1
   483 | D:1      | Reached XP level 2. HP: 19/19 MP: 2/2
   710 | D:2      | You fall into a shaft and drop 1 floor!
   710 | D:3      | Found a sparkling altar of Nemelex Xobeh.
   813 | D:4      | Reached XP level 3. HP: 8/23 MP: 3/3
   937 | D:3      | Reached XP level 4. HP: 13/29 MP: 4/4
  1069 | D:3      | Reached skill level 4 in Armour
  1114 | D:3      | Found a glowing drain.
  1121 | D:3      | Reached XP level 5. HP: 14/33 MP: 2/5
  1138 | Sewer    | Entered a sewer
  1489 | Sewer    | Gained mutation: You are clumsy. (Dex -2) [potion of
                  | mutation]
  1489 | Sewer    | Gained mutation: You are strong-willed. (Will+) [potion of
                  | mutation]
  1498 | Sewer    | Mangled by a hell rat

Illustrated notes

Levels and vault maps discovered:
D:1:      minmay_arrival_stair_chambers, layout_loops_ring
D:2:      layout_rooms, basic_altar, minmay_between, uniq_robin
D:3:      layout_loops_cross, mainiacjoe_overflow_six_doors_small,
          portal_sewer_entry_b, grunt_ministairs_11
D:4:      layout_basic, mainiacjoe_overflow_cross_hatched,
          minmay_temple_entry_slanted, serial_bayou, serial_bayou_pond_c,
          serial_bayou_lagoon_b, serial_bayou_pond_d, serial_bayou_lagoon_a,
          serial_bayou_ford_a, serial_bayou_pond_e, serial_shops, shop,
          uniq_eustachio
Sewer:    sewer_hellmonk_bad_rat

Skill      XL: |  1  2  3  4 |
---------------+-------------+-----
Maces & Flails | 3 |  3.3
Armour         | 4 |  4.5
Fighting       | |  3.9
Shields        | |  3.9

Action                   |  1- 3 |  4- 6 || total
-------------------------+-------+-------++-------
Melee: Flail             |    40 |   119 ||   159
  Use: Potion            |     1 |     3 ||     4
Armor: Scale mail        |    16 |    60 ||    76
Dodge: Dodged            |    16 |    48 ||    64
Block: Buckler           |     5 |    22 ||    27
